 Dungeon Crawl Stone Soup version 0.24-a0-139-geb6712d (webtiles) character file.

Game seed: 0

2475 Gunnerkreig the Destroyer (level 9, -3/72 HPs)
             Began as a Grey Draconian Wizard on Mar 3, 2019.
             Was a Priest of Vehumet.
             Slain by a two-headed ogre
             ... wielding a +0 giant spiked club
              (11 damage)
             ... on level 8 of the Dungeon on Mar 4, 2019.
             The game lasted 01:13:49 (11094 turns).

Gunnerkreig the Destroyer (Grey Draconian Wizard)  Turns: 11094, Time: 01:13:49

Health: -3/72      AC: 15    Str:  9    XL:     9   Next: 27%
Magic:  1/19       EV: 12    Int: 22    God:    Vehumet [***...]
Gold:   480        SH:  0    Dex: 10    Spells: 9/21 levels left

rFire    . . .     SeeInvis .   I - +3 falchion
rCold    . . .     Gourm    .   (no shield)
rNeg     . . .     Faith    .   (armour unavailable)
rPois    .         Spirit   .   a - +0 hat
rElec    .         Reflect  .   (no cloak)
rCorr    .         Harm     .   k - +1 pair of gloves
MR       .....                  b - +0 pair of boots
Stlth    ++........             (no amulet)
HPRegen  0.22/turn              (no ring)
MPRegen  0.16/turn              (no ring)

@: no status effects
A: walk through water, unfitting armour, unbreathing, cold-blooded, AC +12
a: Renounce Religion


You were on level 8 of the Dungeon.
You worshipped Vehumet.
Vehumet was most pleased with you.
You were not hungry.

You visited 2 branches of the dungeon, and saw 9 of its levels.

You collected 480 gold pieces.

Inventory:

Hand Weapons
 g - a +1 dagger of holy wrath
 x - a +0 hunting sling
 I - a +3 falchion (weapon)
Missiles
 e - 248 stones (quivered)
 f - 2 throwing nets
 j - 4 curare-tipped needles
 u - 25 sling bullets
Armour
 a - a +0 hat (worn)
 b - a +0 pair of boots (worn)
 k - a +1 pair of gloves (worn)
Magical Staves
 q - an uncursed staff of poison
 r - an uncursed staff of fire
Jewellery
 v - an uncursed ring of fire
 y - an uncursed ring of ice
Wands
 h - a wand of acid (8)
 p - a wand of paralysis (17)
 C - a wand of random effects (28)
 E - a wand of digging (7)
Scrolls
 d - a scroll of fear
 i - 3 scrolls of teleportation
 n - a scroll of fog
 z - 3 scrolls of identify
 B - a scroll of immolation
 G - a scroll of summoning
 J - 2 scrolls of enchant weapon
Potions
 l - 2 potions of cancellation {unknown}
 m - 2 potions of heal wounds {unknown}
 o - a potion of brilliance
 s - 3 potions of invisibility
 t - a potion of agility {unknown}
 w - a potion of degeneration {unknown}
 A - 2 potions of haste
 D - a potion of flight
 F - a potion of mutation {unknown}
 H - a potion of curing {unknown}
Comestibles
 c - 18 rations


   Skills:
 + Level 4.7 Fighting
 + Level 3.0 Dodging
 - Level 2.0 Stealth
 + Level 6.8 Spellcasting
 + Level 8.2 Conjurations
 - Level 3.0 Summonings
 - Level 1.0 Translocations
 - Level 1.0 Fire Magic
 - Level 1.0 Air Magic
 - Level 1.0 Poison Magic


You had 9 spell levels left.
You knew the following spells:

 Your Spells              Type           Power        Failure   Level  Hunger
a - Magic Dart            Conj           ####         1%          1    None
b - Call Imp              Summ           ###.....     3%          2    None
c - Conjure Flame         Conj/Fire      ####....     1%          3    None
d - Blink                 Tloc           N/A          9%          2    None
e - Mephitic Cloud        Conj/Pois/Air  ###.....     1%          3    None
f - Shock                 Conj/Air       ####         1%          1    None

Your spell library contained the following spells:

 Spells                   Type           Power        Failure   Level  Hunger
 Throw Frost              Conj/Ice       ####..       1%          2    None
 Slow                     Hex            #.......     13%         2    None


Dungeon Overview and Level Annotations

Branches:
Dungeon (8/15)             Temple (1/1) D:4
   Lair: D:8-11

Altars:
Ashenzari
Cheibriados
Dithmenos
Elyvilon
Fedhas
Gozag
Hepliaklqana
Kikubaaqudgha
Makhleb
Nemelex Xobeh
Okawaru
Qazlal
Ru
Sif Muna
Trog
Uskayaw
Vehumet
Wu Jian
Xom
Yredelemnul
Zin
The Shining One

Annotations:
D:4 Sigmund


Innate Abilities, Weirdness & Mutations

You can walk through water.
Your dull iron-grey scales are very hard. (AC +12)
You cannot fit into any form of body armour.
You can survive without breathing.
You are cold-blooded and may be slowed by cold attacks.


Message History

You hit the two-headed ogre.
The two-headed ogre is almost dead.
The two-headed ogre barely misses you.
The two-headed ogre hits you with a +0 giant spiked club!
You hit the two-headed ogre.
The two-headed ogre is almost dead.
The two-headed ogre hits you with a +0 giant spiked club!
The two-headed ogre hits you with a +0 giant spiked club!!
You hit the two-headed ogre.
The two-headed ogre is almost dead.
The two-headed ogre hits you with a +0 giant spiked club!!
* * * LOW HITPOINT WARNING * * *
The two-headed ogre hits you with a +0 giant spiked club!
* * * LOW HITPOINT WARNING * * *
You hit the two-headed ogre but do no damage.
The two-headed ogre is almost dead.
You hit the two-headed ogre.
The two-headed ogre is almost dead.
The two-headed ogre hits you with a +0 giant spiked club!
You die...

#..................#.#.⌠.⌠.#.#
#..####.##.###..####.........#
+ ## ## #.###..####.#.....#.#
#. #.............._....# #..
#...........#.....#.# #..
#'###+###...........#
###..###.###..##...#.⌠.⌠.#.# #
.........#.(...............#
#..........#...@.....#.....#.#
#..##.###.O###O###...........#
##..##'###..##..#
##......#####
..........).....# ########
.......≈≈≈≈))≈≈)###
...≈≈≈≈≈≈≈≈≈≈≈≈≈≈≈###
≈≈≈≈≈≈≈≈≈≈≈≈≈≈≈≈≈≈≈≈###
≈≈≈≈≈≈≈≈≈≈≈≈≈≈≈≈≈≈≈≈≈≈#
≈≈≈≈≈≈≈≈≈####≈≈≈≈≈≈≈≈≈≈


You could see a two-headed ogre.

Vanquished Creatures
  A hippogriff (D:7)
  An ice beast (D:6)
  Purgy (D:4)
  2 sky beasts
  A phantom (D:7)
  3 ogres
  A centaur (D:5)
  A wyvern zombie (D:6)
  A scorpion (D:4)
  2 killer bees (D:7)
  4 wights
  4 electric eels (D:7)
  A howler monkey (D:3)
  2 crimson imps
  A hound (D:5)
  2 bullfrog skeletons (D:4)
  2 jellies
  4 orc wizards
  An orc priest (D:4)
  3 worker ants
  A hound zombie (D:7)
  A gnoll (D:7)
  A howler monkey skeleton (D:5)
  10 adders
  A shadow imp (D:5)
  An ooze (D:2)
  5 worms
  A dart slug (D:2)
  6 leopard geckos
  25 orcs
  2 ball pythons
  6 giant cockroaches
  8 goblins
  7 hobgoblins
  3 jackals (D:5)
  8 kobolds
  A quokka (D:3)
  11 bats
  9 frilled lizards
  A leopard gecko skeleton (D:5)
  A quokka skeleton (D:2)
  14 rats
161 creatures vanquished.

Vanquished Creatures (collateral kills)
  2 sky beasts
  A killer bee (D:7)
  3 electric eels (D:7)
  An adder (D:7)
  2 gnolls (D:7)
  A leopard gecko (D:7)
  2 orcs (D:8)
12 creatures vanquished.

Vanquished Creatures (others)
  An orc wizard (D:8)
  A plant (D:7)
2 creatures vanquished.

Grand Total: 175 creatures vanquished

Notes
Turn   | Place    | Note
-------+----------+-------------------------------------------
     0 | D:1      | Gunnerkreig the Draconian Wizard began the quest for the
                  | Orb.
     0 | D:1      | Reached XP level 1. HP: 14/14 MP: 4/4
   177 | D:1      | Reached XP level 2. HP: 20/20 MP: 0/6
   286 | D:1      | Reached skill level 2 in Conjurations
   972 | D:1      | Reached XP level 3. HP: 26/26 MP: 4/7
  1407 | D:2      | Found a radiant altar of Vehumet.
  1408 | D:2      | Found a shattered altar of Ashenzari.
  1411 | D:2      | Became a worshipper of Vehumet
  1772 | D:2      | Reached skill level 3 in Conjurations
  2144 | D:2      | Reached XP level 4. HP: 33/33 MP: 3/9
  2370 | D:2      | Found a glowing golden altar of the Shining One.
  2911 | D:3      | Reached * piety under Vehumet
  2911 | D:3      | Offered knowledge of Shock by Vehumet.
  2916 | D:3      | Learned a level 1 spell: Shock
  3042 | D:3      | Reached skill level 4 in Conjurations
  3042 | D:3      | Reached XP level 5. HP: 34/38 MP: 1/10
  3765 | D:4      | Noticed Purgy
  3778 | D:4      | Killed Purgy
  3778 | D:4      | Reached skill level 1 in Air Magic
  3778 | D:4      | Reached XP level 6. HP: 44/45 MP: 2/12
  3869 | D:4      | Found a staircase to the Ecumenical Temple.
  3878 | Temple   | Entered the Ecumenical Temple
  4185 | D:4      | Reached skill level 5 in Conjurations
  4288 | D:4      | Reached skill level 1 in Fighting
  4607 | D:4      | Found a sparkling altar of Nemelex Xobeh.
  4653 | D:4      | Found a bloodstained altar of Trog.
  4664 | D:4      | Your scales start taking on a dull iron-grey colour.
  4664 | D:4      | Reached XP level 7. HP: 32/55 MP: 6/14
  4664 | D:4      | Gained mutation: You can survive without breathing. [Grey
                  | Draconian growth]
  4763 | D:4      | Offered knowledge of Throw Flame by Vehumet.
  4763 | D:4      | Reached skill level 6 in Conjurations
  4809 | D:4      | Noticed Sigmund
  4853 | D:3      | Reached ** piety under Vehumet
  5464 | D:5      | Entered Level 5 of the Dungeon
  5634 | D:5      | Reached skill level 5 in Spellcasting
  5840 | D:5      | Reached skill level 7 in Conjurations
  6011 | D:5      | Reached XP level 8. HP: 40/61 MP: 1/16
  6047 | D:5      | Learned a level 3 spell: Mephitic Cloud
  6604 | D:6      | Found an ornate altar of the Wu Jian Council.
  7130 | D:6      | Found a hide-covered altar of Uskayaw.
  7344 | D:6      | Found an ancient bone altar of Kikubaaqudgha.
  7432 | D:6      | Found a snail-covered altar of Cheibriados.
  7629 | D:7      | Noticed a hippogriff
  7642 | D:7      | Killed a hippogriff
  7642 | D:7      | Reached skill level 8 in Conjurations
  7791 | D:7      | Reached skill level 1 in Air Magic
  7796 | D:7      | Learned a level 3 spell: Conjure Flame
  7799 | D:7      | Learned a level 2 spell: Call Imp
  8288 | D:7      | Offered knowledge of Throw Frost by Vehumet.
  9241 | D:7      | Reached XP level 9. HP: 20/71 MP: 5/18
 10667 | D:8      | Reached *** piety under Vehumet
 10753 | D:8      | Reached skill level 1 in Fire Magic
 10754 | D:8      | Found a white marble altar of Elyvilon.
 10758 | D:8      | Learned a level 2 spell: Blink
 10784 | D:8      | Reached skill level 1 in Poison Magic
 10822 | D:8      | Noticed a two-headed ogre
 11094 | D:8      | Slain by a two-headed ogre

Levels and vault maps discovered:
D:1:      ncdulo_smallfort, layout_basic
D:2:      layout_loops_ring, nicolae_overflow_hidden_temple,
          lemuel_crystal_altar, lemuel_doored_altar
D:3:      wad_crossroads, layout_loops_ring
D:4:      layout_cave_pools, bloody_trog, nemelex_xobeh_ov_fountains_minmay,
          minmay_temple_entry_tees, serial_rivers,
          chequers_serial_rivers_micro_b, chequers_serial_rivers_marsh,
          chequers_serial_rivers_large_a, chequers_serial_rivers_micro_c,
          chequers_serial_rivers_room_b, chequers_serial_rivers_micro_b,
          first_ration, grunt_decor_arrowhead, uniq_sigmund, uniq_purgy
D:5:      layout_loops_ring
D:6:      layout_basic, lemuel_round_altar, nicolae_overflow_crystal_walls,
          eat_drink_and_be_merry_uskayaw, basic_altar
D:7:      wad_lake_hut, layout_basic
D:8:      wander_river, layout_gridville, elyvilon_altar_5, lair_entry_dummy,
          hangedman_ranch [blue_anna_fruit_fields]
Temple:   oiseaux_autumnal_temple

Skill      XL: |  1  2  3  4  5  6  7  8  9 |
---------------+----------------------------+-----
Conjurations   | 2 3 4 5 7 8 |  8.2
Spellcasting   | 4 5 6 |  6.8
Air Magic      | 1 0 1 |  1.0
Dodging        | 2 3 |  3.0
Fighting       | 2 4 |  4.7
Stealth        | 2 |  2.0
Summonings     | 2 3 |  3.0
Fire Magic     | 1 |  1.0
Poison Magic   | 1 |  1.0
Translocations | |  1.0

Action                   |  1- 3 |  4- 6 |  7- 9 || total
-------------------------+-------+-------+-------++-------
Melee: Unarmed           |    20 |       |       ||    20
       Tailslap          |     3 |     4 |     3 ||    10
       Short sword       |     3 |       |       ||     3
       Dagger            |    26 |    25 |       ||    51
       Staff             |     1 |     5 |       ||     6
       Falchion          |       |    14 |     8 ||    22
       Hand axe          |       |       |    23 ||    23
 Cast: Magic Dart        |   114 |   135 |   268 ||   517
       Shock             |       |    10 |    51 ||    61
       Call Imp          |       |       |    92 ||    92
       Conjure Flame     |       |       |     6 ||     6
  Use: Scroll            |       |     7 |     6 ||    13
       Potion            |       |       |     3 ||     3
  Eat: Chunk             |     3 |     8 |    13 ||    24
       Ration            |       |       |     2 ||     2
Armor: Skin              |    27 |    22 |    86 ||   135
Dodge: Dodged            |    53 |    48 |    92 ||   193
       Rpst.: Falchion   |       |    10 |    15 ||    25

Table legend:
 A = Non-vault XP
 B = Vault XP
 C = Vault XP percentage of total XP
 D = Non-vault monster count
 E = Vault monster count
 F = Vault count percentage of total count
                 A         B        C        D         E       F
            +---------+---------+-------+---------+---------+-------
      Total |    3393 |     143 |   4.0 |     169 |       5 |   2.9
            +---------+---------+-------+---------+---------+-------
        D:1 |      47 |       0 |   0.0 |      27 |       0 |   0.0
        D:2 |      75 |       0 |   0.0 |      30 |       0 |   0.0
        D:3 |     245 |       9 |   3.5 |      25 |       4 |  13.8
        D:4 |     496 |     134 |  21.3 |      14 |       1 |   6.7
        D:5 |     552 |       0 |   0.0 |      24 |       0 |   0.0
        D:6 |     440 |       0 |   0.0 |      11 |       0 |   0.0
        D:7 |    1367 |       0 |   0.0 |      28 |       0 |   0.0
        D:8 |     171 |       0 |   0.0 |      10 |       0 |   0.0
            +---------+---------+-------+---------+---------+-------
